 Dungeon Crawl Stone Soup version 0.28-a0-175-gb2089b6bb7 (webtiles) character file.

Game seed: 7636036821311123528

3817 Nattfarinn the Fighter (level 9, -10/93 HPs)
             Began as a Deep Dwarf Necromancer on Aug 17, 2021.
             Mangled by a two-headed ogre (17 damage)
             ... on level 9 of the Dungeon.
             The game lasted 00:22:57 (11307 turns).

Nattfarinn the Fighter (Deep Dwarf Necromancer)    Turns: 11307, Time: 00:22:57

Health: -10/93     AC:  8    Str: 21    XL:     9   Next: 97%
Magic:  4/13       EV: 12    Int: 18    God:
Gold:   291        SH:  0    Dex: 13    Spells: 9/13 levels left

rFire   + + .      SeeInvis .   m - +3 whip (elec)
rCold   + . .      Faith    .   (no shield)
rNeg    . . .      Spirit   .   C - +2 leather armour {rF+}
rPois   +          Reflect  .   e - +2 helmet
rElec   .          Harm     .   g - scarf {rC+ rF+}
rCorr   +          Rampage  .   (no gloves)
Will    .....                   (no boots)
Stlth   ++........              (no amulet)
HPRegen 0.00/turn               w - ring "Doyrufutab" {rPois Will- rCorr Str+8 Slay+3}
MPRegen 0.13/turn               (no ring)

@: no status effects
A: damage resistance, heal wounds, sense surroundings 2, no regeneration
a: Heal Wounds


You were on level 9 of the Dungeon.
You visited 2 branches of the dungeon, and saw 10 of its levels.
You also visited: Sewer.

You collected 291 gold pieces.

Inventory:

Hand Weapons
 m - a +3 whip of electrocution (weapon)
Missiles
 a - a throwing net
Armour
 e - a +2 helmet (worn)
 g - a scarf of resistance (worn)
 C - a +2 leather armour of fire resistance (worn)
Jewellery
 f - an amulet of guardian spirit
 v - a +6 ring of strength
 w - the ring "Doyrufutab" (left hand) {rPois Will- rCorr Str+8 Slay+3}
   (You found it on level 6 of the Dungeon)

   [ring of resist corrosion]

   Str:       It affects your strength (+8).
   Slay:      It affects your accuracy & damage with ranged weapons and melee
   (+3).
   rPois:     It protects you from poison.
   rCorr:     It protects you from acid and corrosion.
   Will:      It decreases your willpower.
 x - a ring of protection from fire
 y - a ring of magical power
Scrolls
 b - 2 scrolls of blinking
 c - 5 scrolls of teleportation
 d - a scroll of fear
 h - a scroll of amnesia {unknown}
 o - 3 scrolls of fog
 t - 4 scrolls of vulnerability
Potions
 k - 2 potions of haste {unknown}
 l - 2 potions of curing {unknown}
 n - 2 potions of attraction {unknown}
 r - 3 potions of mutation
 s - a potion of berserk rage {unknown}
 z - a potion of heal wounds
 B - a potion of ambrosia {unknown}


   Skills:
 * Level 10.0 Fighting
 + Level 7.7 Maces & Flails
 - Level 2.1 Dodging
 - Level 2.4 Stealth
 - Level 2.8 Spellcasting
 - Level 6.2 Necromancy


You had 9 spell levels left.
You knew the following spells:

 Your Spells              Type           Power      Damage    Failure   Level
a - Pain                  Necr           100%       1d9       1%          1
b - Vampiric Draining     Necr           12%        2d7       4%          3

Your spell library contained the following spells:

 Spells                   Type           Power      Damage    Failure   Level
 Animate Skeleton         Necr           50%        N/A       1%          1
 Sublimation of Blood     Necr           12%        N/A       2%          2
 Animate Dead             Necr           12%        N/A       14%         4
 Corona                   Hex            2%         N/A       19%         1
 Sandblast                Erth           4%         2d4       19%         1
 Blink                    Tloc           N/A        N/A       28%         2
 Ensorcelled Hibernation  Hex/Ice        4%         N/A       28%         2
 Wereblood                Tmut           2%         N/A       28%         2
 Agony                    Necr           25%        N/A       38%         5
 Frozen Ramparts          Ice            4%         1d2       50%         3
 Gell's Gravitas          Tloc           1%         N/A       50%         3
 Lesser Beckoning         Tloc           1%         N/A       50%         3
 Stone Arrow              Conj/Erth      4%         3d7       50%         3
 Teleport Other           Tloc           2%         N/A       50%         3
 Tukima's Dance           Hex            2%         N/A       50%         3
 Ice Form                 Ice/Tmut       2%         N/A       88%         4
 Summon Ice Beast         Ice/Summ       2%         N/A       88%         4
 Summon Hydra             Summ           1%         N/A       100%        7


Dungeon Overview and Level Annotations

Branches:
Dungeon (9/15)             Temple (1/1) D:5           Sewer (visited)
   Lair: D:8-11         Orc: D:9-12

Altars:
Ashenzari
Cheibriados
Dithmenos
Elyvilon
Fedhas
Gozag
Hepliaklqana
Kikubaaqudgha
Nemelex Xobeh
Okawaru
Qazlal
Sif Muna
Trog
Uskayaw
Vehumet
Wu Jian
Xom
Yredelemnul
Zin
The Shining One

Shops:
D:5 !*

Portals:
Abyss: D:5

Annotations:
D:5 2 transporters, Tutankhamun's ghost, amateur FoFi


Innate Abilities, Weirdness & Mutations

You are resistant to damage.
You can heal yourself by infusing magical energy.
You passively map the area around you.
You do not regenerate.


Message History

Things that are here:
a +0 shortbow; 27 arrows; a centaur corpse
Things that are here:
a +0 shortbow; 27 arrows; a centaur corpse
Things that are here:
a +0 shortbow; 27 arrows; a centaur corpse You are too injured to fight recklessly!
Casting: Vampiric Draining (mildly dangerous; 4% risk of failure)
Confirm with . or Enter, or press ? or * to list all spells.
Aiming: Vampiric Draining (mildly dangerous; 4% risk of failure)
Press: ? - help, Shift-Dir - straight line, f - two-headed ogre
Aim: a two-headed ogre, wielding a +0 giant club and a +0 giant spiked club You draw life force from the two-headed ogre!
You feel life coursing into your body.
The two-headed ogre hits you with a +0 giant club!
The two-headed ogre hits you with a +0 giant spiked club!
* * * LOW HITPOINT WARNING * * *
Casting: Vampiric Draining (mildly dangerous; 4% risk of failure)
Confirm with . or Enter, or press ? or * to list all spells.
Aiming: Vampiric Draining (mildly dangerous; 4% risk of failure)
Press: ? - help, Shift-Dir - straight line, f/p - two-headed ogre
Aim: a two-headed ogre, wielding a +0 giant club and a +0 giant spiked club (moderately wounded)
You draw life force from the two-headed ogre!
You feel life coursing into your body. The two-headed ogre barely misses you.
The two-headed ogre hits you with a +0 giant spiked club!
* * * LOW HITPOINT WARNING * * *
Unknown command.
Unknown command.
Unknown command.
Casting: Vampiric Draining (mildly dangerous; 4% risk of failure)
Confirm with . or Enter, or press ? or * to list all spells.
Aiming: Vampiric Draining (mildly dangerous; 4% risk of failure)
Press: ? - help, Shift-Dir - straight line, f/p - two-headed ogre
Aim: a two-headed ogre, wielding a +0 giant club and a +0 giant spiked club (heavily wounded)
You draw life force from the two-headed ogre.
You feel life coursing into your body.
The two-headed ogre hits you with a +0 giant club!
* * * LOW HITPOINT WARNING * * *
The two-headed ogre hits you with a +0 giant spiked club!!
You die...

#..#.####..# #.######.(#* * *
....#......# #..Y....).# ,
##.#.#####)# ***###...##.# *
#.#######.##########..........
#......##....†...........##.##
######.#############....## ,
#.# ##...#
#.###############.##
#######.#.......@O...##.# *
........#.##########)##.# *
#########.# #.# .# * *
########.####### #O# *
##..............####.##.### ,
...#.#...........O..........
....###.#.#####.###..#######*
##.## ##..# #.# #..#
##.###.#.# #.# #..#


You could see a two-headed ogre.

Vanquished Creatures
  3 yaks (D:9)
  4 orc warriors
  A hornet zombie (D:6)
  2 sky beasts
  An ogre (D:5)
  5 centaurs
  2 phantoms
  5 kobold brigands
  A gnoll sergeant (D:8)
  2 scorpions
  A wyvern zombie (D:7)
  A wyvern skeleton (D:7)
  9 killer bees (D:7)
  2 howler monkeys
  2 centaur zombies
  A bullfrog skeleton (D:5)
  3 hounds
  3 orc priests
  A jelly (D:6)
  4 iguanas
  9 orc wizards
  A killer bee zombie (D:8)
  2 hound skeletons (D:5)
  A howler monkey skeleton (D:7)
  7 gnolls
  12 adders
  2 river rats
  2 white imps (D:6)
  An ufetubus (D:4)
  6 worms
  25 orcs
  12 endoplasms
  4 giant cockroaches
  5 goblins
  3 hobgoblins
  2 jackals (D:3)
  6 quokkas
  5 ball pythons
  4 bats
  4 frilled lizards
  19 kobolds
  18 rats
203 creatures vanquished.

Notes
Turn   | Place    | Note
-------+----------+-------------------------------------------
     0 | D:1      | Nattfarinn the Deep Dwarf Necromancer began the quest for
                  | the Orb.
     0 | D:1      | Reached XP level 1. HP: 15/15 MP: 3/3
   320 | D:1      | Reached XP level 2. HP: 14/22 MP: 3/5
   370 | D:1      | Found a faded altar of an unknown god.
   829 | D:2      | Reached skill level 5 in Necromancy
   954 | D:2      | Reached XP level 3. HP: 16/28 MP: 1/6
  1060 | D:2      | Learned a level 3 spell: Vampiric Draining
  1543 | D:2      | Reached XP level 4. HP: 29/36 MP: 0/7
  2758 | D:3      | Reached XP level 5. HP: 42/42 MP: 5/9
  2895 | D:4      | Reached skill level 1 in Fighting
  2974 | D:4      | Reached skill level 1 in Maces & Flails
  3046 | D:4      | Reached skill level 2 in Fighting
  3295 | D:4      | Reached XP level 6. HP: 55/55 MP: 3/10
  4112 | D:4      | Found an iron altar of Okawaru.
  4112 | D:4      | Found a radiant altar of Vehumet.
  4249 | D:5      | Entered Level 5 of the Dungeon
  4249 | D:5      | Found Oduxtaa's Overcharged Wands.
  4270 | D:5      | Reached skill level 3 in Fighting
  4312 | D:5      | Found a staircase to the Ecumenical Temple.
  4332 | Temple   | Entered the Ecumenical Temple
  4456 | D:5      | Noticed a sky beast
  4471 | D:5      | Killed a sky beast
  4479 | D:5      | Reached XP level 7. HP: 15/63 MP: 0/11
  4484 | D:5      | Reached skill level 4 in Fighting
  4804 | D:5      | Found Xeuty's Distillery.
  5107 | D:5      | Reached skill level 5 in Fighting
  5272 | D:5      | Found a transporter.
  5298 | D:5      | Found a one-way gate to the infinite horrors of the Abyss.
  5298 | D:5      | Noticed Tutankhamun's ghost (amateur FoFi)
  5324 | D:5      | Found a transporter.
  5354 | D:5      | Noticed a small abomination
  5568 | D:6      | Identified the ring "Doyrufutab" {rPois Will- rCorr Str+8
                  | Slay+3}
  5582 | D:6      | Reached XP level 8. HP: 54/76 MP: 12/12
  5629 | D:6      | Reached skill level 6 in Fighting
  5798 | D:6      | Got the Compendium of the Ashen Compass
  5964 | D:6      | Found a glowing drain.
  5969 | Sewer    | Entered a sewer
  6914 | Sewer    | Reached skill level 5 in Maces & Flails
  7574 | D:6      | Reached skill level 7 in Fighting
  7725 | D:6      | Found a snail-covered altar of Cheibriados.
  7727 | D:6      | Found a hide-covered altar of Uskayaw.
  7730 | D:6      | Found a hazy altar of Hepliaklqana.
  8053 | D:7      | Gained mutation: You passively map the area around you.
                  | [Deep Dwarf growth]
  8053 | D:7      | Reached XP level 9. HP: 68/88 MP: 4/13
  8060 | D:7      | Reached skill level 8 in Fighting
  8967 | D:7      | Found a bloodstained altar of Trog.
  9097 | D:8      | Noticed a boulder beetle
 10062 | D:8      | Reached skill level 9 in Fighting
 10934 | D:9      | Reached skill level 10 in Fighting
 11167 | D:9      | Noticed a two-headed ogre
 11307 | D:9      | Mangled by a two-headed ogre

Illustrated notes

Levels and vault maps discovered:
D:1:      dpeg_arrival_long_road, layout_rooms,
          shapermc_ecumenical_altar_mp_urbaneastern
D:2:      layout_basic, minmay_misc_feat_tiny
D:3:      layout_rooms, nicolae_overflow_hidden_temple
D:4:      layout_loops_corners, amethyst_overflow_temple_binary
D:5:      layout_cave_pools, minmay_temple_entry_overgrown,
          gammafunk_ghost_abyssal_escape, serial_shops,
          nicolae_inconvenience_store, nicolae_shop_overcharged_wands
D:6:      layout_cave_pools, grunt_temple_overflow_open, gup_sewer_entry_bowl,
          hex_large
D:7:      layout_layer_cave, lemuel_round_altar
D:8:      layout_rooms, grunt_lair_entry_orc_guard_hut, corexii_checkpoint_a,
          minmay_misc_feat_x
D:9:      layout_loops_ring
Temple:   zaba_magenta_temple

Skill      XL: |  1  2  3  4  5  6  7  8  9 |
---------------+----------------------------+-----
Spellcasting   | 2 |  2.8
Necromancy     | 5 6 |  6.2
Fighting       | 2 3 5 7 10 | 10.0
Maces & Flails | 1 2 4 6 7 |  7.7
Dodging        | |  2.1
Stealth        | |  2.4

Action                   |  1- 3 |  4- 6 |  7- 9 || total
-------------------------+-------+-------+-------++-------
Melee: Unarmed           |    62 |     1 |       ||    63
       Whip              |       |   124 |   178 ||   302
 Cast: Pain              |    36 |       |       ||    36
       Vampiric Draining |     7 |    41 |   146 ||   194
  Use: Scroll            |       |       |    11 ||    11
       Potion            |       |       |     1 ||     1
 Stab: Distracted        |       |     1 |       ||     1
       Sleeping          |       |     1 |       ||     1
Armor: Robe              |    17 |    50 |    50 ||   117
       Leather armour    |       |       |    43 ||    43
Dodge: Dodged            |    46 |   108 |   215 ||   369

Table legend: (Time is in decaauts)
 A = Elapsed time spent in this place.
 B = Non-inter-level travel time spent in this place.
 C = Inter-level travel time spent in this place.
 D = Time resting spent in this place.
 E = Time spent auto-exploring this place.
 F = Levels seen in this place.
 G = Mean time per level.
                   A        B        C        D        E       F      G
               +--------+--------+--------+--------+--------+-----+--------+
         Total |  11462 |  10952 |    510 |   1913 |   7381 |  11 | 1042.0 |
       Dungeon |   9682 |   9192 |    490 |   1870 |   5879 |   9 | 1075.8 |
        Temple |    123 |    103 |     20 |     43 |     57 |   1 |  123.0 |
         Sewer |   1656 |   1656 |      0 |      0 |   1444 |   1 | 1656.0 |
               +--------+--------+--------+--------+--------+-----+--------+

Top non-repeatable levels by time:
     D:7: 2469 daAuts
   Sewer: 1656 daAuts
     D:2: 1454 daAuts
     D:4: 1374 daAuts
     D:5: 1331 daAuts
     D:3: 809 daAuts
     D:6: 620 daAuts
     D:1: 617 daAuts
     D:9: 508 daAuts
     D:8: 497 daAuts
  Temple: 123 daAuts
